 Dungeon Sprint DCSS version 0.21.1-1-g345015f (webtiles) character file.

4713 Fang the Fighter (level 10, -3/135 HPs)
             Began as a Demonspawn Berserker on Apr 17, 2018.
             Was the Champion of Trog.
             Slain by a spriggan rider
             ... wielding a +0 spear
              (8 damage)
             ... in the Dungeon (Sprint V: "Ziggurat Sprint") on Apr 18, 2018.
             The game lasted 00:05:52 (887 turns).

Fang the Fighter (Demonspawn Berserker)              Turns: 887, Time: 00:05:53

Health: -3/135     AC: 22    Str: 32    XL:     10   Next: 22%
Magic:  10/10      EV:  9    Int:  8    God:    Trog [******]
Gold:   0          SH: 21    Dex: 13    Spells: 9/9 levels left

rFire    . . .     SeeInvis .   m - +5 demon trident
rCold    . . .     Gourm    .   k - +3 large shield
rNeg     . . .     Faith    .   j - +5 shadow dragon scales
rPois    .         Spirit   .   (no helmet)
rElec    .         Reflect  .   (no cloak)
rCorr    .         Harm     .   (no gloves)
MR       .....     NoTele   +   (no boots)
Stlth    ..........             (no amulet)
HPRegen  0.32/turn              D - ring of flight
MPRegen  0.12/turn              C - +6 ring of strength

@: berserking (expiring), studying 2 skills, very quick
A: talons 2, slimy green scales 2, foul stench 1, rot immunity
a: Berserk, Trog's Hand, Brothers in Arms, Burn Spellbooks, Renounce Religion,
Evoke Flight


You were in the Dungeon.
You worshipped Trog.
Trog was exalted by your worship.
You were very hungry.

You visited 1 branch

Inventory:

Hand Weapons
 l - a +5 executioner's axe
 m - a +5 demon trident (weapon)
 z - a +5 trident of venom
Armour
 j - +5 shadow dragon scales (worn)
 k - a +3 large shield (worn)
Jewellery
 C - a +6 ring of strength (right hand)
 D - a ring of flight (left hand)
Wands
 E - a wand of disintegration (7)
 F - a wand of iceblast (7)
 G - a wand of acid (7)
Scrolls
 i - 4 scrolls of blinking
 t - 7 scrolls of fog
 u - 5 scrolls of identify
 v - 5 scrolls of remove curse
 w - 2 scrolls of fear
Potions
 d - 10 potions of curing
 e - 10 potions of heal wounds
 f - 6 potions of haste
 g - 7 potions of magic
 h - 3 potions of berserk rage
 n - 2 potions of brilliance
 o - 2 potions of invisibility
 p - 4 potions of resistance
 q - a potion of experience
 r - 5 potions of agility
 s - 5 potions of might
Books
 y - a manual of Short Blades
 A - a manual of Crossbows
Miscellaneous
 a - a lamp of fire
 x - a box of beasts
Comestibles
 c - 6 rations


   Skills:
 + Level 12.4 Fighting
 + Level 9.4(11.7) Axes
 + Level 11.5(12.7) Polearms
 + Level 9.4 Armour
 + Level 6.2 Dodging
 + Level 1.7 Stealth
 + Level 6.5 Shields


You had 9 spell levels left.
You didn't know any spells.

Dungeon Overview and Level Annotations

Branches:
Dungeon (1/1)

Altars:
Ashenzari
Cheibriados
Dithmenos
Elyvilon
Fedhas
Gozag
Hepliaklqana
Kikubaaqudgha
Makhleb
Nemelex Xobeh
Okawaru
Qazlal
Ru
Sif Muna
Trog
Uskayaw
Vehumet
Wu Jian
Xom
Yredelemnul
Zin
The Shining One
Beogh
Jiyva
Lugonu

Annotations:
D 1 transporter


Innate Abilities, Weirdness & Mutations

You have razor-sharp toenails.
You are mostly covered in slimy green scales. (AC +3)
You may emit foul miasma when damaged in melee.
You are immune to rotting.


Message History

The spriggan hits you with an uncursed staff of wizardry.
* * * LOW HITPOINT WARNING * * *
Unknown command.
You puncture the spriggan!
You kill the spriggan!
Trog accepts your kill. You block the spriggan rider's attack.
Unknown command.
Things that are here:
an uncursed staff of wizardry; a robe; a spriggan corpse You feel a strong urge to attack something.
You block the spriggan rider's attack.
Unknown command.
You closely miss the spriggan rider. You claw the spriggan rider.
The spriggan rider is lightly wounded.
Unknown command.
You impale the spriggan rider!! Your kick misses the spriggan rider.
The spriggan rider is heavily wounded.
The spriggan rider hits you with a spear!
You die...

▓...©...▓
▓▓▓▓▓▓▓▓▓
▓..8©8..▓
▓..):}..▓
▓..==)..▓
▓.......▓
▓.......▓
▓.......▓
▓...i@..▓
▓.▓).|▓.▓
▓...©...▓
▓▓▓▓▓▓▓▓▓


You could see a spriggan rider.

Vanquished Creatures
  A spriggan druid (D)
  5 draconians (D)
  2 jumping spiders (D)
  3 tarantellas (D)
  3 spriggans (D)
  A steam dragon (D)
  A water moccasin (D)
  A swamp drake (D)
  5 black bears (D)
  2 wolves (D)
  2 scorpions (D)
  2 adders (D)
  A ball python (D)
29 creatures vanquished.

Notes
Turn   | Place    | Note
-------+----------+-------------------------------------------
     0 | D        | Found the +6 Majin-Bo {vamp, Archmagi MP+6 Int+6}
     0 | D        | Found the +7 great mace "Firestarter" {inner flame, rF++}
     0 | D        | Fang the Demonspawn Berserker began the quest for the Orb.
     0 | D        | Reached XP level 1. HP: 18/18 MP: 1/1
     5 | D        | Found a blossoming altar of Fedhas.
     7 | D        | Found a viscous altar of Jiyva.
     7 | D        | Found a hazy altar of Hepliaklqana.
     7 | D        | Found a transporter.
     7 | D        | Found an opulent altar of Gozag.
     7 | D        | Found an ancient bone altar of Kikubaaqudgha.
     7 | D        | Found a corrupted altar of Lugonu.
    27 | D        | Found a deep blue altar of Sif Muna.
    27 | D        | Found a sacrificial altar of Ru.
    27 | D        | Found a bloodstained altar of Trog.
    27 | D        | Found a stormy altar of Qazlal.
    27 | D        | Found an iron altar of Okawaru.
    27 | D        | Found a sparkling altar of Nemelex Xobeh.
    29 | D        | Found a burning altar of Makhleb.
    93 | D        | Entered arena 2.
    93 | D        | Noticed a swamp drake
    93 | D        | Noticed a steam dragon
    93 | D        | Found a transporter.
   101 | D        | Killed a swamp drake
   101 | D        | Reached skill level 5 in Fighting
   101 | D        | Reached skill level 5 in Axes
   101 | D        | Reached skill level 1 in Polearms
   101 | D        | Gained mutation: You are immune to rotting. [demonic ancestry]
   101 | D        | Reached XP level 2. HP: 28/28 MP: 2/2
   101 | D        | Gained mutation: You may emit foul miasma when damaged in melee. [demonic ancestry]
   101 | D        | Reached XP level 3. HP: 34/34 MP: 3/3
   101 | D        | Reached XP level 4. HP: 40/40 MP: 4/4
   109 | D        | Killed a steam dragon
   109 | D        | Reached skill level 7 in Fighting
   109 | D        | Gained mutation: You are partially covered in slimy green scales. (AC +2) [demonic ancestry]
   109 | D        | Reached XP level 5. HP: 45/48 MP: 5/5
   144 | D        | Entered arena 3.
   144 | D        | Noticed a tarantella
   144 | D        | Noticed a tarantella
   144 | D        | Noticed a jumping spider
   144 | D        | Found a transporter.
   148 | D        | Killed a tarantella
   148 | D        | Reached ** piety under Trog
   148 | D        | Reached skill level 8 in Fighting
   148 | D        | Gained mutation: You are mostly covered in slimy green scales. (AC +3) [demonic ancestry]
   148 | D        | Reached XP level 6. HP: 57/57 MP: 6/6
   153 | D        | Killed a tarantella
   153 | D        | Reached skill level 9 in Fighting
   153 | D        | Reached skill level 5 in Armour
   160 | D        | Killed a jumping spider
   160 | D        | Reached skill level 10 in Fighting
   160 | D        | Reached skill level 1 in Shields
   160 | D        | Reached XP level 7. HP: 29/66 MP: 7/7
   344 | D        | Entered arena 4.
   344 | D        | Noticed a jumping spider
   344 | D        | Noticed a tarantella
   344 | D        | Found a transporter.
   350 | D        | Killed a jumping spider
   350 | D        | Reached skill level 5 in Dodging
   354 | D        | Killed a tarantella
   354 | D        | Reached *** piety under Trog
   354 | D        | Reached skill level 5 in Polearms
   354 | D        | Gained mutation: You have sharp toenails. [demonic ancestry]
   354 | D        | Reached XP level 8. HP: 73/73 MP: 8/8
   506 | D        | Entered arena 5.
   506 | D        | Found a transporter.
   511 | D        | Reached **** piety under Trog
   534 | D        | Entered arena 6.
   534 | D        | Noticed a draconian
   534 | D        | Noticed a draconian
   534 | D        | Noticed a draconian
   534 | D        | Noticed a draconian
   534 | D        | Noticed a draconian
   534 | D        | Found a transporter.
   541 | D        | Killed a draconian
   541 | D        | Reached skill level 11 in Fighting
   545 | D        | Killed a draconian
   545 | D        | Reached skill level 1 in Stealth
   545 | D        | Gained mutation: You have razor-sharp toenails. [demonic ancestry]
   545 | D        | Reached XP level 9. HP: 81/81 MP: 9/9
   552 | D        | Killed a draconian
   552 | D        | Reached ***** piety under Trog
   561 | D        | Killed a draconian
   565 | D        | Killed a draconian
   565 | D        | Reached skill level 10 in Polearms
   565 | D        | Reached skill level 5 in Shields
   612 | D        | Entered arena 7.
   612 | D        | Noticed a spriggan druid
   614 | D        | Found a transporter.
   618 | D        | Received a gift from Trog
   618 | D        | Reached skill level 12 in Fighting
   635 | D        | Killed a spriggan druid
   635 | D        | Reached ****** piety under Trog
   635 | D        | Reached XP level 10. HP: 43/89 MP: 10/10
   658 | D        | Received a gift from Trog
   850 | D        | Entered arena 8.
   850 | D        | Noticed a spriggan rider
   872 | D        | Found a transporter.
   882 | D        | HP: 4/135 [spriggan/uncursed staff of wizardry (4)]
   887 | D        | Slain by a spriggan rider

Skill      XL: |  1  2  3  4  5  6  7  8  9 10 |
---------------+-------------------------------+-----
Fighting       | 5 7 8 10 11 12 | 12.4
Axes           | 5 6 7 8 9 |  9.4
Polearms       | 1 2 3 4 5 8 11 | 11.5
Armour         | 3 4 6 8 9 |  9.4
Dodging        | 3 4 5 6 |  6.2
Shields        | 1 3 5 6 |  6.5
Stealth        | 1 |  1.7

Action                   |  1- 3 |  4- 6 |  7- 9 | 10-12 || total
-------------------------+-------+-------+-------+-------++-------
Melee: Demon trident     |     5 |    13 |    72 |    38 ||   128
       Kick              |       |       |    22 |    10 ||    32
Invok: Berserk           |     1 |     1 |     3 |     1 ||     6
       Burn Spellbooks   |       |       |     1 |     1 ||     2
  Eat: Ration            |       |       |     1 |       ||     1
       Chunk             |       |       |       |     1 ||     1
Armor: Shadow dragon sca |     1 |    18 |    32 |    17 ||    68
Dodge: Dodged            |       |     3 |    12 |     8 ||    23
Block: Large shield      |       |    11 |    60 |    46 ||   117
